 Dungeon Sprint DCSS version 0.30.1-11-g7821555f0a (webtiles) character file.

Game seed: 4730294354769479353

688 Groucho the Fighter (level 7, -10/70 HPs)
             Began as a Ghoul Fighter on Dec 10, 2023.
             Was a Believer of Makhleb.
             Mangled by a red ugly thing (21 damage)
             ... in the Dungeon (Sprint IX: "|||||||||||||||||||||||||||||").
             The game lasted 00:03:14 (920 turns).

Groucho the Fighter (Ghoul Fighter)                  Turns: 920, Time: 00:03:15

Health: -10/70     AC: 10    Str: 28    XL:     7   Next: 63%
Magic:  9/9        EV: 10    Int:  3    God:    Makhleb [**....]
Gold:   0          SH:  5    Dex:  8    Spells: 6/6 levels left

rFire   . . .        k - +1 broad axe (freeze)
rCold   + . .        c - +0 buckler
rNeg    + + +        l - +2 ring mail
rPois   ∞            a - +0 helmet
rElec   .            (no cloak)
rCorr   .            (no gloves)
SInv    .            (no boots)
Will    .....        (no amulet) Stlth
                     b - +3 ring of strength
HPRegen 0.00/turn    m - +3 ring of strength
MPRegen 0.11/turn

%: no teleportation
@: inhibited regen
A: claws 1, cold resistance 1, negative energy resistance 3, inhibited
regeneration, torment resistance 2, devour on kill
a: Renounce Religion, Minor Destruction


You were in the Dungeon.
You worshipped Makhleb.
Makhleb was pleased with you.
You visited 1 branch

Inventory:

Hand Weapons
 k - a +1 broad axe of freezing (weapon)
Armour
 a - a +0 helmet (worn)
 c - a +0 buckler (worn)
 l - a +2 ring mail (worn)
Jewellery
 b - a +3 ring of strength (left claw)
 m - a +3 ring of strength (right claw)
Wands
 j - a wand of roots (8)
Scrolls
 g - 2 scrolls of amnesia
Potions
 e - 5 potions of curing
 h - 4 potions of magic


   Skills:
 + Level 9.1 Fighting
 + Level 7.3 Axes
 + Level 7.6 Armour
 + Level 7.6 Shields
 + Level 4.8 Invocations


You had 6 spell levels left.
You didn't know any spells.
Your spell library was empty.

Dungeon Overview and Level Annotations

Branches:
Dungeon (1/1)

Altars:
Cheibriados
Dithmenos
Fedhas
Gozag
Hepliaklqana
Kikubaaqudgha
Makhleb
Nemelex Xobeh
Okawaru
Qazlal
Ru
Sif Muna
Trog
Uskayaw
Vehumet
Wu Jian
Xom
Yredelemnul
Jiyva
Lugonu


Innate Abilities, Weirdness & Mutations

You are immune to poison.
You have sharp fingernails.
Your flesh is cold resistant. (rC+)
You are immune to negative energy. (rN+++)
You do not regenerate when monsters are visible.
You are immune to unholy pain and torment.
You thrive by killing the living.


Message History

Aim: a red ugly thing (translocational energy, moderately wounded)
The roots erupt in riotous growth!
Roots grab the red ugly thing.
The grasping roots constrict the red ugly thing.
The red ugly thing struggles to escape constriction.
Unknown command.
Unknown command.
The grasping roots constrict the red ugly thing.
The roots release their grip on the red ugly thing.
You see here a +0 scale mail.
You see here a +0 helmet.
Items here: )))))).
There is an open door here.
There is a glowing golden altar of the Shining One here.
There is a glowing silver altar of Zin here.
There is a basalt altar of Yredelemnul here.
There is a shimmering altar of Xom here.
There is an ornate altar of the Wu Jian Council here.
There is a radiant altar of Vehumet here.
There is a hide-covered altar of Uskayaw here.
There is a bloodstained altar of Trog here.
There is a shimmering blue altar of Sif Muna here.
There is a sacrificial altar of Ru here.
There is a stormy altar of Qazlal here.
There is an iron altar of Okawaru here.
There is a sparkling altar of Nemelex Xobeh here.
There is a burning altar of Makhleb here.
There is a corrupted altar of Lugonu here.
There is an ancient bone altar of Kikubaaqudgha here.
You slash the red ugly thing! You freeze the red ugly thing.
The red ugly thing is heavily wounded.
You block the red ugly thing's attack.
Unknown command.
Press < or > to pray at altars.
Unknown command.
Press < or > to pray at altars.
You feel much better. The red ugly thing kicks you!
* * * LOW HITPOINT WARNING * * *
You are engulfed in flames!!
You die... ▓▓▓▓▓▓▓▓▓▓▓▓▓▓▓▓▓▓▓▓▓▓▓▓▓▓▓▓▓▓▓▓▓ .†.....'________@u___l_Q________' ▓▓▓▓▓▓▓▓▓▓▓▓▓▓▓▓▓▓▓▓▓▓▓▓▓▓▓▓▓▓▓▓▓

You could see a red ugly thing, a tengu warrior and a komodo dragon.

Vanquished Creatures
  A hornet (D)
  A water moccasin (D)
  2 orc warriors (D)
  2 scorpions (D)
  2 howler monkeys (D)
  2 orc priests (D)
  An adder (D)
  A goblin (D)
  A hobgoblin (D)
  A ball python (D)
  A bat (D)
  A frilled lizard (D)
16 creatures vanquished.

Notes
Turn   | Place    | Note
-------+----------+-------------------------------------------
     0 | D        | Groucho the Ghoul Fighter began the quest for the Orb.
     0 | D        | Reached XP level 1. HP: 19/19 MP: 0/0
    17 | D        | Banished a spatial maelstrom
   271 | D        | Noticed a scorpion
   271 | D        | Noticed a water moccasin
   271 | D        | Noticed a scorpion
   271 | D        | Noticed a howler monkey
   278 | D        | Killed a scorpion
   279 | D        | Reached skill level 5 in Fighting
   279 | D        | Reached XP level 2. HP: 21/29 MP: 1/1
   279 | D        | Reached XP level 3. HP: 27/36 MP: 2/2
   279 | D        | Reached XP level 4. HP: 31/42 MP: 3/3
   285 | D        | Killed a water moccasin
   286 | D        | Reached skill level 6 in Fighting
   286 | D        | Reached skill level 5 in Axes
   286 | D        | Reached skill level 5 in Armour
   286 | D        | Reached skill level 5 in Shields
   286 | D        | Reached XP level 5. HP: 33/51 MP: 4/4
   290 | D        | Reached skill level 7 in Fighting
   293 | D        | Reached XP level 6. HP: 39/60 MP: 5/5
   302 | D        | Found a snail-covered altar of Cheibriados.
   302 | D        | Found a shadowy altar of Dithmenos.
   302 | D        | Found a blossoming altar of Fedhas.
   302 | D        | Found an opulent altar of Gozag.
   495 | D        | Found a hazy altar of Hepliaklqana.
   496 | D        | Found a viscous altar of Jiyva.
   497 | D        | Found an ancient bone altar of Kikubaaqudgha.
   498 | D        | Found a corrupted altar of Lugonu.
   499 | D        | Found a burning altar of Makhleb.
   500 | D        | Found a sparkling altar of Nemelex Xobeh.
   501 | D        | Found an iron altar of Okawaru.
   502 | D        | Found a stormy altar of Qazlal.
   503 | D        | Found a sacrificial altar of Ru.
   504 | D        | Found a shimmering blue altar of Sif Muna.
   505 | D        | Found a bloodstained altar of Trog.
   506 | D        | Found a hide-covered altar of Uskayaw.
   507 | D        | Became a worshipper of Makhleb the Destroyer
   508 | D        | Found a radiant altar of Vehumet.
   509 | D        | Found an ornate altar of the Wu Jian Council.
   510 | D        | Found a shimmering altar of Xom.
   511 | D        | Found a basalt altar of Yredelemnul.
   566 | D        | Noticed an orc warrior
   566 | D        | Noticed a hornet
   566 | D        | Noticed an orc warrior
   573 | D        | Killed an orc warrior
   574 | D        | Reached skill level 8 in Fighting
   581 | D        | Killed a hornet
   581 | D        | Reached * piety under Makhleb
   582 | D        | Reached XP level 7. HP: 41/69 MP: 5/8
   585 | D        | Reached skill level 9 in Fighting
   589 | D        | Reached ** piety under Makhleb
   883 | D        | Noticed a red ugly thing
   883 | D        | Noticed a komodo dragon
   883 | D        | Noticed a tengu warrior
   883 | D        | Noticed a cyan ugly thing
   892 | D        | HP: 2/70 [red ugly thing (16)]
   920 | D        | Mangled by a red ugly thing

Illustrated notes

Levels and vault maps discovered:
D:        linesprint [early_d, line_temple, items_1, d_10, items_2, lair_1,
          lair_end, items_3, orc_1, orc_end, items_4, d_15, swamp_1, shoals_1,
          snake_1, spider_1, d_20, vaults_1, items_5, swamp_end, shoals_end,
          snake_end, spider_end, vaults_end, d_27, items_6, zot_1, zot_end,
          crypt_end, forest_end, elf_end, slime_end, tomb_end, abyss_end,
          pan_hell_end]

Skill      XL: |  1  2  3  4  5  6  7 |
---------------+----------------------+-----
Axes           | 3 5 6 7 |  7.3
Armour         | 4 5 6 7 |  7.6
Shields        | 4 5 6 7 |  7.6
Fighting       | 5 6 7 8 9 |  9.1
Invocations    | 3 4 |  4.8

Action                     |  1- 3 |  4- 6 |  7- 9 || total
---------------------------+-------+-------+-------++-------
  Melee: War axe           |    31 |    17 |       ||    48
         Broad axe         |       |    11 |    11 ||    22
  Evoke: Wand              |       |       |     2 ||     2
    Use: Potion            |     2 |     1 |     3 ||     6
         Scroll            |       |       |     2 ||     2
   Stab: Invisible         |       |     2 |     1 ||     3
 Armour: Scale mail        |    18 |     4 |       ||    22
         Ring mail         |       |     2 |     1 ||     3
  Dodge: Dodged            |    12 |    13 |     4 ||    29
  Block: Buckler           |     6 |     8 |     2 ||    16
